Cogmind - Beta 16 @@@ ROGUE MODE // 2025.10.26 @ 01:47:43 Player: FAQ Result: Self-destructed Performance ------------- Evolutions (1) 500 Regions Visited (2) 400 Robots Destroyed (35) 175 Value Destroyed (737) 737 Prototype IDs (6) 120 Alien Tech Used (0) 0 Bonus (0) 0 TOTAL SCORE: 1932 Bonus ------- None Cogmind --------- Core Integrity 50/400 Matter 27/300 Energy 100/100 System Corruption 0% Temperature Cool (0) Movement Core (100) Ox1 Location -9/Materials Parts ------- > --- POWER (1) -------- (None) > --- PROPULSION (3) --- (None) > --- UTILITY (3) ------ Small Storage Unit Signal Interpreter > --- WEAPON (2) ------- (None) > --- INVENTORY (8) ---- Ion Engine Ion Engine Aluminum Leg Sensor Array Hacking Suite EM Pulse Gun Small Laser Improved Light Cannon Peak State ------------ > --- POWER ------------ Light Ion Engine > --- PROPULSION ------- Flight Unit Flight Unit Flight Unit > --- UTILITY ---------- Small Storage Unit Sensor Array Signal Interpreter > --- WEAPON ----------- Mini Grenade Launcher Mini Grenade Launcher > --- INVENTORY -------- Ion Engine Ion Engine Aluminum Leg Sensor Array Hacking Suite EM Pulse Gun Small Laser Light Cannon [Rating: 12] Favorites ----------- Power Ion Engine Engine Ion Engine Propulsion Aluminum Leg Treads Improved Treads Leg Aluminum Leg Flight Unit Flight Unit Utility Small Storage Unit Device Sensor Array Storage Small Storage Unit Processor Targeting Computer Weapon Small Laser Energy Gun Small Laser Ballistic Gun Assault Rifle Ballistic Cannon Light Cannon Launcher Mini Grenade Launcher Build | -11 -10 -9 ------- Run | Yrd Mat Mat Slots Evolved 2 | . . 2 Power . | . . . Propulsion 1 | . . 1 Utility 1 | . . 1 Weapon . | . . . Parts Attached 26 | 6 7 13 Power 3 | 1 . 2 Engine 3 | 1 . 2 Core . | . . . Reactor . | . . . Propulsion 12 | 2 3 7 Treads 3 | . . 3 Leg 5 | 2 3 . Wheel . | . . . Hover . | . . . Flight 4 | . . 4 Utility 5 | 1 2 2 Device 1 | . 1 . Storage 1 | 1 . . Processor 3 | . 1 2 Hackware . | . . . Protection . | . . . Artifact . | . . . Weapon 6 | 2 2 2 Energy Gun 2 | 1 1 . Energy Cannon . | . . . Ballistic Gun 1 | 1 . . Ballistic Cannon 1 | . 1 . Launcher 2 | . . 2 Special Weapon . | . . . Impact Weapon . | . . . Slashing Weapon . | . . . Piercing Weapon . | . . . Special Melee Weapon . | . . . Unidentified Prototypes . | . . . Parts Lost 11 | . . 11 Power 1 | . . 1 Propulsion 7 | . . 7 Utility 1 | . . 1 Weapon 2 | . . 2 Highest Loss Streak 6 | . . 6 To Critical Strikes . | . . . Average Backups 7 | 2 7 7 Power 1 | . 1 2 Propulsion 2 | . 2 1 Utility 1 | . 1 1 Weapon 1 | . 1 2 Tool/Special . | . . . Unused Backups 9 | 1 3 5 Power 1 | . . 1 Propulsion 4 | 1 3 . Utility 2 | . . 2 Weapon 2 | . . 2 Tool/Special . | . . . Average Slot Usage (%) 90 | . 99 73 Engine 12 | . 14 8 Leg 18 | . 28 . Flight 6 | . . 19 Device 3 | . . 9 Storage 13 | . 14 11 Processor 12 | . 12 11 Energy Gun 9 | . 14 . Ballistic Gun 3 | . 5 . Ballistic Cannon 6 | . 8 1 Launcher 3 | . . 10 Peak Build Rating 12 | 6 8 12 Average Rating 7 | 5 7 8 On Entrance 4 | . 6 8 Avg Prop Armor Cover (%) . | . . . Naked Turns . | . . . Heaviest Build 15 | 13 15 12 Greatest Support 43 | 20 20 43 Greatest Overweight (x) 3 | . . 3 Average Overweight (x) . | . . . Largest Inventory Capacity 8 | 8 8 8 Average Capacity 7 | 7 8 8 Most Carried 8 | 4 8 8 Average Carried 7 | 2 7 7 Final Capacity 8 | 8 8 8 Final Carried 8 | 4 8 8 Class Distribution -------------------- 88% | Mutant 11% | Scavenger-Mutant Dominant Class ---------------- Mutant | -10/Materials Mutant | -9/Materials Resources | -11 -10 -9 ----------- Run | Yrd Mat Mat Matter Collected 563 | 201 278 84 Remotely . | . . . Salvage Created 572 | . 365 207 Parts 60 | . 36 24 Haulers Intercepted 1 | . . 1 Recyclers Shooed 2 | . . 2 Parts Field Recycled . | . . . Retrieved Matter . | . . . Parts Self-Destructed . | . . . Prevented . | . . . Parts Restored . | . . . Kills | -11 -10 -9 ------- Run | Yrd Mat Mat Combat Hostiles Destroyed 25 | . 14 11 Melee 2 | . . 2 Guns 12 | . 12 . Cannons 2 | . 2 . AOE 9 | . . 9 Classes Destroyed 8 | . 4 4 Worker 2 | . . 2 Tunneler 1 | . . 1 Hauler 1 | . . 1 Operator 1 | . 1 . Watcher 5 | . 2 3 Swarmer 14 | . 9 5 Grunt 8 | . 5 3 Sentry 3 | . . 3 Best Kill Streak 5 | . 4 5 Combat Bots Only 4 | . 4 4 Max Kills in Single Turn 3 | . 1 3 Gunslinging . | . . . Exploded 2 | . . 2 Melee 1 | . . 1 Uniques/NPCs Destroyed . | . . . Combat | -11 -10 -9 -------- Run | Yrd Mat Mat Hostile Shots Fired 130 | . 50 80 Missed 35 | . 15 20 Hits 95 | . 35 60 Projectile 95 | . 35 60 Critical Strikes 4 | . 1 3 Damage Taken 1144 | . 306 838 Core 445 | . 95 350 Absorbed by Shields . | . . . Core Remaining (%) 81 | 100 62 . Volleys Fired 67 | . 44 23 Largest 2 | . 2 2 Hottest 70 | . 70 60 Shots Fired 115 | . 86 29 Gun 57 | . 57 . Cannon 31 | . 29 2 Launcher 27 | . . 27 Special . | . . . Kinetic 46 | . 44 2 Thermal 42 | . 42 . Explosive 27 | . . 27 Electromagnetic . | . . . Robot Hit Streak 7 | . 7 3 Robot Miss Streak 6 | . 6 2 Penetration Max . | . . . Secondary Targets . | . . . Shots Hit Robots 52 | . 41 11 Core Hits 48 | . 21 27 Critical Kills . | . . . Critical Parts Destroyed . | . . . Critical Strikes . | . . . Melee Attacks . | . . . Impact . | . . . Slashing . | . . . Piercing . | . . . Sneak Attacks . | . . . Combat Hostiles . | . . . Follow-up Attacks . | . . . Damage Inflicted 1711 | . 552 1159 Guns 372 | . 372 . Cannons 180 | . 180 . Explosions 1144 | . . 1144 Melee . | . . . Ramming 15 | . . 15 Kinetic 319 | . 319 . Thermal 233 | . 233 . Explosive 1144 | . . 1144 Electromagnetic . | . . . Impact . | . . . Slashing . | . . . Piercing . | . . . Highest Corruption . | . . . Average Corruption . | . . . Corruption Purged . | . . . Corruption Blocked . | . . . Overload Shots . | . . . Overflow Damage 104 | . 2 102 Projectiles 2 | . 2 . Explosions 102 | . . 102 Melee . | . . . Knockbacks 2 | . 2 . Impact . | . . . Kinetic 2 | . 2 . Secondary . | . . . Self-Inflicted Damage 109 | . . 109 Shots 3 | . . 3 Rammed 8 | . . 8 Targets Rammed 9 | . . 9 Kicked . | . . . Crushed 1 | . . 1 Highest Temperature 63 | . 63 4 Average Temperature 14 | . 16 2 Received Heat Transfer 330 | . 90 240 Siege Activations . | . . . Martial Activations . | . . . Shielding Activations . | . . . Robots Disrupted . | . . . Combat Hostiles . | . . . Robots Corrupted . | . . . Combat Hostiles . | . . . Parts Fried . | . . . Impact Corruptions . | . . . Robots Melted . | . . . Combat Hostiles . | . . . Parts Melted . | . . . Heat Transferred 525 | . 525 . Parts Sabotaged . | . . . Parts Stolen . | . . . Parts Stripped . | . . . Power Chain Reactions . | . . . Alert | -11 -10 -9 ------- Run | Yrd Mat Mat Maximum Alert Level 2 | . . 2 Low Security (%) 78 | 100 100 31 Level 1 21 | . . 67 Level 2 . | . . . Level 3 . | . . . Level 4 . | . . . Level 5 . | . . . High Security . | . . . Max Security . | . . . Peak Influence 404 | . 139 404 Initial 48 | . . 48 Average 107 | . 50 242 Influence Increases 1056 | . 428 628 Destroy 0b10 Robot/C 500 | . 280 220 Destroy 0b10 Robot/NC 50 | . 15 35 Destroy Leader 122 | . 64 58 Successful Hack 37 | . 7 30 Disable Machine 105 | . 30 75 Destroy Structure 197 | . 2 195 Lose Combat Pursuer 45 | . 30 15 Influence Decreases 696 | . 312 384 Entered New Map 68 | . . 68 Time Decay 518 | . 312 206 Lost Part 110 | . . 110 Squads Dispatched 4 | . 3 1 Investigation 2 | . 2 . Extermination . | . . . Reinforcement 2 | . 1 1 Assault . | . . . Garrison . | . . . Intercept . | . . . Searches Triggered . | . . . Construction Impeded . | . . . Haulers Reinforced . | . . . Active Scanning Responses . | . . . Cargo Convoy Interrupts . | . . . Stealth | -11 -10 -9 --------- Run | Yrd Mat Mat Distress Signals 3 | . 1 2 Communications Jammed . | . . . Distress Signals . | . . . Times Spotted 44 | . 24 20 Peak Tracking Total 4 | . 4 4 Tactical Retreats 3 | . 2 1 Traps | -11 -10 -9 ------- Run | Yrd Mat Mat Traps Triggered 2 | . 2 . Indirectly . | . . . Trap Hack Attempts . | . . . Triggered . | . . . Disarmed 1 | . . 1 Reprogrammed . | . . . Reused . | . . . Traps Extracted . | . . . Installed . | . . . Triggered . | . . . Machines | -11 -10 -9 ---------- Run | Yrd Mat Mat Machines Disabled 7 | . 2 5 Max in Single Turn 2 | . 1 2 Machines Repaired . | . . . Machines Dismantled . | . . . Machines Sabotaged . | . . . Overloaded Fab Kills . | . . . Hacking | -11 -10 -9 --------- Run | Yrd Mat Mat Machines Accessed 14 | . 9 5 Terminals 11 | . 6 5 Fabricators . | . . . Repair Stations 1 | . 1 . Recycling Units 2 | . 2 . Scanalyzers . | . . . Garrison Access . | . . . Total Hacks 46 | . 26 20 Successful 30 | . 15 15 Failed 16 | . 11 5 Catastrophic 2 | . 1 1 Database Lockouts . | . . . Manual 24 | . 13 11 Terminals 39 | . 19 20 Fabricators . | . . . Repair Stations 1 | . 1 . Recycling Units 6 | . 6 . Scanalyzers . | . . . Garrison Access . | . . . Terminal Hacks 13 | . 4 9 Record 3 | . 2 1 Prototype ID Bank 3 | . 1 2 Locate Traps 3 | . . 3 Disarm Traps 1 | . . 1 Dispatch Records 1 | . 1 . Maintenance Status 1 | . . 1 Recall Investigation 1 | . . 1 Fabricator Hacks . | . . . Repair Station Hacks . | . . . Recycling Unit Hacks 2 | . 2 . Report Inventory 1 | . 1 . Retrieve Components 1 | . 1 . Scanalyzer . | . . . Garrison Access Hacks . | . . . Unauthorized Hacks 15 | . 9 6 Terminals 12 | . 6 6 Track 2 | . 2 . Assimilate 2 | . . 2 Botnet 8 | . 4 4 Fabricators . | . . . Repair Stations 1 | . 1 . Mechanics 1 | . 1 . Recycling Units 2 | . 2 . Monitor 1 | . 1 . Recyclers 1 | . 1 . Scanalyzers . | . . . Garrison Access . | . . . Data Cores Recovered . | . . . Used . | . . . Hacking Detections 11 | . 8 3 Full Trace Events 1 | . 1 . Feedback Events . | . . . Feedback Blocked . | . . . Robot Schematics Acquired . | . . . Robots Built . | . . . Authchips . | . . . Time . | . . . Total Robot Build Rating . | . . . Part Schematics Acquired . | . . . Parts Built . | . . . Authchips . | . . . Time . | . . . Total Part Build Rating . | . . . Part Studies Acquired . | . . . Parts Repaired . | . . . Time . | . . . Parts Recycled . | . . . Recycled Matter . | . . . Retrieved Matter . | . . . Retrieved Components 10 | . 10 . Parts Scanalyzed . | . . . Part Schematics Acquired . | . . . Parts Damaged . | . . . Bothacking | -11 -10 -9 ------------ Run | Yrd Mat Mat Used RIF Installer . | . . . Robots Hacked . | . . . Non-combat . | . . . Combat . | . . . Robot Hacks Applied . | . . . Relay Couplers Released . | . . . Fabnet Peak Effective % . | . . . Robots Rewired . | . . . Allies Hacked . | . . . Hacks Repelled . | . . . Allies | -11 -10 -9 -------- Run | Yrd Mat Mat Total Allies . | . . . Largest Group . | . . . Highest-Rated Group . | . . . Highest-Rated Ally . | . . . Total Orders . | . . . Ally Attacks . | . . . Total Damage . | . . . Kills . | . . . Allies Corrupted . | . . . Allies Melted . | . . . Intel | -11 -10 -9 ------- Run | Yrd Mat Mat Active Infowar (turns) 415 | . 53 362 Sensors 415 | . 53 362 Robot Analysis Total . | . . . Derelict Logs Recovered . | . . . Drone Launches . | . . . Drone Recoveries . | . . . Exploration | -11 -10 -9 ------------- Run | Yrd Mat Mat Turns Passed 1410 | 77 895 438 Spaces Moved 1104 | 57 582 465 Core 25 | 8 . 17 Treads 26 | . . 26 Legs 631 | 49 582 . Wheels . | . . . Hover . | . . . Flight 422 | . . 422 Fastest Speed 34 | 50 120 34 Average Speed 99 | 110 120 71 Slowest Speed 200 | 120 120 200 Overloaded Moves . | . . . Propulsion Burnouts . | . . . Robots Hopped . | . . . Potential Cave-ins . | . . . Cave-ins Triggered . | . . . Exploration Rate (%) 43 | 4 90 35 Regions Visited 2 Branch Regions . Pre-discovered Areas . | . . . Known Exits Taken . | . . . Unknown Exits Taken 2 | 1 1 . Scrap Searched . | . . . Spaces Dug 18 | . . 18 Terrain Destroyed 219 | . . 219 Melee . | . . . Projectile . | . . . AOE 219 | . . 219 Terrain Rammed . | . . . Walls Destroyed . | . . . Machines Disabled . | . . . Actions | -11 -10 -9 --------- Run | Yrd Mat Mat Total 1302 | 68 695 539 Wait 58 | . 46 12 Move 1102 | 56 581 465 Hop . | . . . Pick Up 17 | 5 7 5 Fast Attach 16 | 6 4 6 Attach 6 | . . 6 Detach 6 | . 1 5 Swap 6 | . 4 2 Drop 15 | 1 8 6 Fire 67 | . 44 23 Melee . | . . . Ram 3 | . . 3 Kick . | . . . Crush 6 | . . 6 Escape Stasis . | . . . Rewire . | . . . Trap . | . . . Miscellaneous . | . . . Route ------- -11/Scrapyard -10/Materials (discovered 5 exits: *Mat x3 / [*Min x2]) -9/Materials (discovered 2 exits: [*Mat] / [*Min]) History --------- Turn | Location | Event 7 | -11/Scrapyard | Discovered new exit (range 15) 78 | -11/Scrapyard | Entered Materials 149 | -10/Materials | Discovered new exit (range 14) 250 | -10/Materials | Discovered new exit (range 16) 318 | -10/Materials | Build established: Mutant 472 | -10/Materials | Discovered new exit (range 8) 517 | -10/Materials | Discovered new exit (range 15) 778 | -10/Materials | Derelicts attacked the area 947 | -10/Materials | Discovered new exit (range 15) 973 | -10/Materials | Entered another Materials area 973 | -9/Materials | Evolved 2 slots: Propulsion x1, Utility x1 1054 | -9/Materials | Discovered new exit (range 7) 1120 | -9/Materials | Discovered new exit (range 8) 1153 | -9/Materials | Lost 3 parts (2n1w) 1337 | -9/Materials | Core integrity fell below 50% 1385 | -9/Materials | Lost 6 parts (1p3n1u1w) 1407 | -9/Materials | Core integrity fell below 20% 1411 | -9/Materials | Self-destructed Last Messages --------------- 01387_ The unstable cave ceiling collapses. 01388_ K-01 Serf collects debris. 01389_ The unstable cave ceiling collapses. 01389_ K-01 Serf collects debris. 01398_ The unstable cave ceiling collapses. 01398_ Lgt. Treads destroyed. 01398_ K-01 Serf collects debris. 01401_ Crushed S-10 Pest. 01401_ S-10 Pest destroyed. 01401_ K-01 Serf collects debris. 01402_ Slammed into S-10 Pest. 01402_ K-01 Serf collects debris. 01404_ Slammed into S-10 Pest. 01404_ K-01 Serf collects debris. 01405_ Slammed into S-10 Pest. 01407_ K-01 Serf collects debris. 01407_ Slammed into S-10 Pest. 01409_ Imp. Treads destroyed. 01410_ U-05 Engineer builds a Wall. 01410_ K-01 Serf collects debris. Map ----- +----------------------------------------------------+ | ????????????????????????????????????????????????? | | ????????????????????????????????????????????????? | | ????????????????????????????????????????????????? | | ?????????????????????????????#######+##?????????# | | ????????????????????????????? # ?????? # | | ????????????????????????????? """ """ # ?????? # | | ????????????????????????????" """ "Y" # ??????? # | | ????????????????????????# """ """ # ??????? | | ????????????????????????# ######### | | ???????????????????????# % # | | ???????????????????????########### # """ | | ?????????????????????? "T" # | | ?????????????????????? # | | ?????????????????????? + | | ???????????????????????############ = """ # | | ?????????????????????????# # # """ # | | ?????????????????????????# # # """ # | | ?????????????????????????# # # # | | ?????????????????????????# # ########## | | ?????????????????????????# !!! # #???????# | | ?????????????????????????# !!! # #???????# | | ?????????????????????????# !! # #???????## | | ?????????????????????#???# # #???????# | | ?????????????????????# ??#### # ###u #???????# | | ???????????+########## #### ######### | | ????????? s@ | | ????????? s | | ????????? s | | ???????????+############### ## ########### | | ????????????????????####### # #??????# | | ????????????????????# ! # #k """" #??????# | | ????????????????????# # # """" #??????# | | ????????????????????# """"" #??????# | | ????????????????????# """ # """""?#?????? | | ????????????????????# """ # ## """""?????????? | | ????????????????????# """ # ### """""?????????? | | ????????????????????######## #?# """"??????????? | | ???????????????????????????# #?# ??????????? | | ???????????????????????????# #??####????^^^????? | | ???????????????????????????# ##????????????????? | | ???????????????????????????# ????????????????? | | ???????????????????????????# ????????????????? | | ???????????????????????????# ????????????????? | | ???????????????????????????# ?????????????????? | | ???????????????????????????# ????????????????? | | ???????????????????????????# ?????????? ??????? | | ???????????????????????????+ #?????????? ##### | | ???????????????????????????# #?????????? | | ???????????????????????????# #??######## | | ????????????????????##+##### #### | +----------------------------------------------------+ Best States ------------- Heat Dissipation 28 Energy Generation 10 Energy Capacity 250 Matter Stores 300 Matter Capacity 300 Sight Range 16 Robot Scan Range 14 Terrain Scan Density 10 Evasion (%) 63 Targeting Accuracy 5 Recoil Reduction 2 Item Schematics ----------------- None Robot Schematics ------------------ None Fabricated ------------ Nothing Repaired ---------- Nothing Studied --------- None Alien Tech Used ----------------- None Achievements -------------- None Challenges ------------ None Game ------ Seed BlanketEncryptedReplicator Manual? 0 Play Time 00:23:57 Cumulative 13.4 hours Start 2025.10.26 @ 01:24:31 End 2025.10.26 @ 01:47:43 Sessions 1 Manual Loads 0 Difficulty Rogue Special Mode None Game No. 34 Rogue 34 Adventurer 0 Explorer 0 Win Type - Total 0 Types 0/0/0/0/0/0/0/0/0/0 Lore% 6 Gallery% 16 Achievement% 15 Wizard Run 0 Options --------- Layout 1 ASCII 1 Keyboard 1 Movement Numpad Keybinds 0 Fullscreen 1 Font 24/Smallcaps Map View 50x35 Zoom Use 0% Tactical HUD 1 Map Filters NONE Filters NONE Steam 1 RUN: 91a03a01-d41c-435d-93e2-10330b83cfa3